Cogmind - Beta 15 @@@ ROGUE MODE // 2025.05.12 @ 11:45:58 Player: Bardic Entropy Result: Self-destructed Performance ------------- Evolutions (2) 1000 Regions Visited (3) 600 Robots Destroyed (20) 100 Value Destroyed (448) 448 Prototype IDs (0) 0 Alien Tech Used (0) 0 Bonus (0) 0 TOTAL SCORE: 2148 Bonus ------- None Cogmind --------- Core Integrity 506/550 Matter 256/300 Energy 160/160 System Corruption 0% Temperature Cool (0) Movement Walking (250) Ox1 Location -8/Materials Parts ------- > --- POWER (1) -------- Light Nuclear Core > --- PROPULSION (3) --- Light Armored Exoskeleton > --- UTILITY (4) ------ Medium Storage Unit Improved Terrain Scanner Seismic Detector Advanced ECM Suite > --- WEAPON (3) ------- Heavy Ion Cannon Heavy Assault Rifle > --- INVENTORY (10) --- Light Armored Exoskeleton Light Armored Exoskeleton Terrain Scan Processor Advanced ECM Suite EM Pulse Cannon Particle Cannon Heavy Ion Cannon Peak State ------------ > --- POWER ------------ Light Nuclear Core > --- PROPULSION ------- Light Armored Exoskeleton > --- UTILITY ---------- Medium Storage Unit Improved Terrain Scanner Seismic Detector Advanced ECM Suite > --- WEAPON ----------- Heavy Ion Cannon Heavy Assault Rifle Grenade Launcher > --- INVENTORY -------- Light Armored Exoskeleton Light Armored Exoskeleton Terrain Scan Processor Advanced ECM Suite EM Pulse Cannon Particle Cannon Heavy Ion Cannon [Rating: 30] Favorites ----------- Power Light Ion Engine Engine Light Ion Engine Power Core Light Nuclear Core Propulsion Armored Wheel Treads Light Treads Leg Light Armored Exoskeleton Wheel Armored Wheel Utility Seismic Detector Device Seismic Detector Storage Medium Storage Unit Weapon Assault Rifle Energy Gun EM Pulse Gun Energy Cannon Particle Cannon Ballistic Gun Assault Rifle Launcher Grenade Launcher Build | -11 -10 -10 -8 ------- Run | Yrd Mat Sub Mat Slots Evolved 4 | . . . 4 Power . | . . . . Propulsion 1 | . . . 1 Utility 2 | . . . 2 Weapon 1 | . . . 1 Parts Attached 23 | 7 9 . 7 Power 3 | 1 1 . 1 Engine 2 | 1 1 . . Core 1 | . . . 1 Reactor . | . . . . Propulsion 6 | 2 2 . 2 Treads 2 | 2 . . . Leg 1 | . . . 1 Wheel 3 | . 2 . 1 Hover . | . . . . Flight . | . . . . Utility 7 | 2 3 . 2 Device 5 | 1 2 . 2 Storage 2 | 1 1 . . Processor . | . . . . Hackware . | . . . . Protection . | . . . . Artifact . | . . . . Weapon 7 | 2 3 . 2 Energy Gun 1 | 1 . . . Energy Cannon 3 | . 2 . 1 Ballistic Gun 2 | 1 . . 1 Ballistic Cannon . | . . . . Launcher 1 | . 1 . . Special Weapon . | . . . . Impact Weapon . | . . . . Slashing Weapon . | . . . . Piercing Weapon . | . . . . Special Melee Weapon . | . . . . Unidentified Prototypes . | . . . . Parts Lost 3 | . . 2 1 Power 1 | . . 1 . Propulsion . | . . . . Utility . | . . . . Weapon 2 | . . 1 1 Highest Loss Streak 1 | . . 1 1 To Critical Strikes . | . . . . Average Backups 6 | . 7 9 5 Power . | . . . . Propulsion 2 | . 3 4 2 Utility 1 | . 1 3 1 Weapon 1 | . 2 2 1 Tool/Special . | . . . . Unused Backups 6 | . . . 6 Power . | . . . . Propulsion 3 | . . . 3 Utility 2 | . . . 2 Weapon 1 | . . . 1 Tool/Special . | . . . . Average Slot Usage (%) 88 | . 100 91 79 Engine 6 | . 14 6 . Treads 1 | . 6 . . Leg 2 | . . . 5 Wheel 18 | . 21 28 9 Device 19 | . 14 14 26 Storage 11 | . 14 14 9 Energy Gun 4 | . 12 1 . Energy Cannon 5 | . 1 5 8 Ballistic Gun 11 | . 14 13 9 Launcher 5 | . . 6 8 Peak Build Rating 30 | 7 12 11 30 Average Rating 14 | 4 9 9 23 On Entrance 6 | . 7 10 9 Naked Turns . | . . . . Heaviest Build 34 | 13 20 20 34 Greatest Support 40 | 40 40 24 36 Greatest Overweight (x) 1 | . 1 . 1 Average Overweight (x) . | . . . . Largest Inventory Capacity 10 | 8 10 10 10 Average Capacity 9 | 6 9 10 10 Most Carried 10 | 1 10 10 9 Average Carried 7 | . 7 9 7 Final Capacity 10 | 8 10 10 10 Final Carried 10 | 1 10 9 9 Class Distribution -------------------- 62% | Mutant 37% | Skirmisher Dominant Class ---------------- Mutant | -10/Materials Mutant | -10/Subcaves Skirmisher | -8/Materials Resources | -11 -10 -10 -8 ----------- Run | Yrd Mat Sub Mat Matter Collected 607 | 151 122 105 229 Remotely . | . . . . Salvage Created 540 | 12 122 105 301 Parts 43 | 4 13 7 19 Haulers Intercepted . | . . . . Recyclers Shooed . | . . . . Parts Field Recycled . | . . . . Retrieved Matter . | . . . . Parts Self-Destructed . | . . . . Prevented . | . . . . Kills | -11 -10 -10 -8 ------- Run | Yrd Mat Sub Mat Combat Hostiles Destroyed 16 | . 5 3 8 Guns 9 | . 5 1 3 Cannons 7 | . . 2 5 Classes Destroyed 9 | 1 3 1 4 Builder 1 | . 1 . . Tunneler 1 | 1 . . . Recycler 1 | . . . 1 Watcher 1 | . 1 . . Swarmer 9 | . 5 . 4 Grunt 2 | . . . 2 Sentry 1 | . . . 1 Hunter 1 | . . . 1 Subdweller 3 | . . 3 . Best Kill Streak 4 | 1 4 2 4 Combat Bots Only 3 | . 3 2 3 Max Kills in Single Turn 2 | 1 2 1 2 Gunslinging 1 | . 1 . . Exploded . | . . . . Melee . | . . . . Uniques/NPCs Destroyed . | . . . . Combat | -11 -10 -10 -8 -------- Run | Yrd Mat Sub Mat Hostile Shots Fired 93 | . 16 21 56 Missed 31 | . 3 6 22 Hits 62 | . 13 15 34 Projectile 62 | . 13 15 34 Damage Taken 786 | . 121 315 350 Core 130 | . 19 67 44 Absorbed by Shields . | . . . . Core Remaining (%) 82 | 100 . 65 . Volleys Fired 38 | 2 8 13 15 Largest 3 | 2 2 2 3 Hottest 118 | 60 60 88 118 Shots Fired 78 | 4 15 26 33 Gun 47 | 4 14 14 15 Cannon 27 | . . 12 15 Launcher 4 | . 1 . 3 Special . | . . . . Kinetic 37 | 2 7 13 15 Thermal 27 | . . 12 15 Explosive 4 | . 1 . 3 Electromagnetic 10 | 2 7 1 . Robot Hit Streak 6 | 2 3 6 5 Robot Miss Streak 6 | 1 6 1 2 Penetration Max . | . . . . Secondary Targets 1 | . 1 . . Max Gunslinging Chain 1 | . 1 . . Shots Hit Robots 46 | 3 5 20 18 Core Hits 26 | 1 7 7 11 Critical Kills 1 | . . . 1 Critical Parts Destroyed . | . . . . Critical Strikes 1 | . . . 1 Destroy 1 | . . . 1 Melee Attacks . | . . . . Impact . | . . . . Slashing . | . . . . Piercing . | . . . . Sneak Attacks . | . . . . Combat Hostiles . | . . . . Follow-up Attacks . | . . . . Damage Inflicted 856 | 37 118 308 393 Guns 394 | 37 96 143 118 Cannons 408 | . . 165 243 Explosions 32 | . . . 32 Melee . | . . . . Ramming 22 | . 22 . . Kinetic 312 | 24 39 131 118 Thermal 408 | . . 165 243 Explosive 32 | . . . 32 Electromagnetic 82 | 13 57 12 . Impact . | . . . . Slashing . | . . . . Piercing . | . . . . Highest Corruption . | . . . . Average Corruption . | . . . . Corruption Purged . | . . . . Corruption Blocked . | . . . . Overload Shots . | . . . . Overflow Damage 10 | . 2 . 8 Projectiles 8 | . . . 8 Explosions . | . . . . Melee 2 | . 2 . . Knockbacks 1 | . 1 . . Impact 1 | . 1 . . Kinetic . | . . . . Secondary . | . . . . Self-Inflicted Damage 11 | . 11 . . Shots . | . . . . Rammed 1 | . 1 . . Targets Rammed 1 | . 1 . . Kicked . | . . . . Crushed . | . . . . Highest Temperature 81 | . . . 81 Average Temperature 21 | . . . 21 Received Heat Transfer 129 | . . 93 36 Siege Activations . | . . . . Martial Activations . | . . . . Shielding Activations . | . . . . Robots Disrupted . | . . . . Combat Hostiles . | . . . . Robots Corrupted . | . . . . Combat Hostiles . | . . . . Parts Fried . | . . . . Impact Corruptions 1 | . 1 . . Robots Melted . | . . . . Combat Hostiles . | . . . . Parts Melted 1 | . . 1 . Heat Transferred 629 | . . 296 333 Parts Sabotaged . | . . . . Parts Stolen . | . . . . Parts Stripped . | . . . . Power Chain Reactions . | . . . . Alert | -11 -10 -10 -8 ------- Run | Yrd Mat Sub Mat Maximum Alert Level . | . . . . Low Security (%) 100 | 100 100 . 100 Level 1 . | . . . . Level 2 . | . . . . Level 3 . | . . . . Level 4 . | . . . . Level 5 . | . . . . High Security . | . . . . Max Security . | . . . . Peak Influence 164 | 5 108 . 164 Initial . | . . . . Average 33 | . 36 . 35 Influence Increases 483 | 5 160 30 288 Destroy 0b10 Robot/C 260 | . 100 . 160 Destroy 0b10 Robot/NC 20 | 5 10 . 5 Destroy Leader 62 | . 22 . 40 Successful Hack 10 | . 5 . 5 Disable Machine 15 | . . . 15 Destroy Structure 26 | . 8 . 18 Lose Combat Pursuer 90 | . 15 30 45 Influence Decreases 327 | 5 95 95 132 Entered New Map 32 | . . 32 . Time Decay 265 | 5 95 43 122 Lost Part 30 | . . 20 10 Squads Dispatched 1 | . . . 1 Investigation 1 | . . . 1 Extermination . | . . . . Reinforcement . | . . . . Assault . | . . . . Garrison . | . . . . Intercept . | . . . . Searches Triggered . | . . . . Construction Impeded . | . . . . Haulers Reinforced . | . . . . Active Scanning Responses . | . . . . Cargo Convoy Interrupts . | . . . . Stealth | -11 -10 -10 -8 --------- Run | Yrd Mat Sub Mat Distress Signals 3 | . 1 . 2 Communications Jammed . | . . . . Distress Signals . | . . . . Times Spotted 26 | . 9 4 13 Peak Tracking Total 5 | . 4 2 5 Tactical Retreats 6 | . 2 1 3 Traps | -11 -10 -10 -8 ------- Run | Yrd Mat Sub Mat Traps Triggered . | . . . . Indirectly . | . . . . Trap Hack Attempts . | . . . . Triggered . | . . . . Disarmed . | . . . . Reprogrammed . | . . . . Reused . | . . . . Traps Extracted . | . . . . Installed . | . . . . Triggered . | . . . . Machines | -11 -10 -10 -8 ---------- Run | Yrd Mat Sub Mat Machines Disabled 1 | . . . 1 Max in Single Turn 1 | . . . 1 Machines Repaired . | . . . . Machines Dismantled . | . . . . Machines Sabotaged . | . . . . Overloaded Fab Kills . | . . . . Hacking | -11 -10 -10 -8 --------- Run | Yrd Mat Sub Mat Machines Accessed 3 | . 2 . 1 Terminals 3 | . 2 . 1 Fabricators . | . . . . Repair Stations . | . . . . Recycling Units . | . . . . Scanalyzers . | . . . . Garrison Access . | . . . . Total Hacks 9 | . 6 . 3 Successful 3 | . 2 . 1 Failed 6 | . 4 . 2 Catastrophic . | . . . . Database Lockouts . | . . . . Manual 9 | . 6 . 3 Terminals 9 | . 6 . 3 Fabricators . | . . . . Repair Stations . | . . . . Recycling Units . | . . . . Scanalyzers . | . . . . Garrison Access . | . . . . Terminal Hacks 1 | . 1 . . Robot Analysis 1 | . 1 . . Fabricator Hacks . | . . . . Repair Station Hacks . | . . . . Recycling Unit Hacks . | . . . . Scanalyzer . | . . . . Garrison Access Hacks . | . . . . Unauthorized Hacks 2 | . 1 . 1 Terminals 2 | . 1 . 1 Botnet 2 | . 1 . 1 Fabricators . | . . . . Repair Stations . | . . . . Recycling Units . | . . . . Scanalyzers . | . . . . Garrison Access . | . . . . Data Cores Recovered . | . . . . Used . | . . . . Hacking Detections 2 | . 1 . 1 Full Trace Events 1 | . . . 1 Feedback Events . | . . . . Feedback Blocked . | . . . . Robot Schematics Acquired . | . . . . Robots Built . | . . . . Authchips . | . . . . Time . | . . . . Total Robot Build Rating . | . . . . Part Schematics Acquired . | . . . . Parts Built . | . . . . Authchips . | . . . . Time . | . . . . Total Part Build Rating . | . . . . Parts Repaired . | . . . . Time . | . . . . Parts Recycled . | . . . . Recycled Matter . | . . . . Retrieved Matter . | . . . . Retrieved Components . | . . . . Parts Scanalyzed . | . . . . Part Schematics Acquired . | . . . . Parts Damaged . | . . . . Bothacking | -11 -10 -10 -8 ------------ Run | Yrd Mat Sub Mat Used RIF Installer . | . . . . Robots Hacked . | . . . . Non-combat . | . . . . Combat . | . . . . Robot Hacks Applied . | . . . . Relay Couplers Released . | . . . . Fabnet Peak Effective % . | . . . . Robots Rewired . | . . . . Allies Hacked . | . . . . Hacks Repelled . | . . . . Allies | -11 -10 -10 -8 -------- Run | Yrd Mat Sub Mat Total Allies . | . . . . Largest Group . | . . . . Highest-Rated Group . | . . . . Highest-Rated Ally . | . . . . Total Orders . | . . . . Ally Attacks . | . . . . Total Damage . | . . . . Kills . | . . . . Allies Corrupted . | . . . . Allies Melted . | . . . . Intel | -11 -10 -10 -8 ------- Run | Yrd Mat Sub Mat Active Infowar (turns) 1155 | 8 365 304 478 Terrain 6 | . . . 6 Seismic 1049 | 8 309 290 442 ECM 113 | . 56 14 43 Robot Analysis Total 1 | . 1 . . Derelict Logs Recovered . | . . . . Drone Launches . | . . . . Drone Recoveries . | . . . . Exploration | -11 -10 -10 -8 ------------- Run | Yrd Mat Sub Mat Turns Passed 1244 | 70 365 304 505 Spaces Moved 753 | 34 250 280 189 Core 1 | 1 . . . Treads 78 | 33 45 . . Legs 66 | . . . 66 Wheels 608 | . 205 280 123 Hover . | . . . . Flight . | . . . . Fastest Speed 50 | 50 90 90 90 Average Speed 106 | 156 102 90 128 Slowest Speed 250 | 160 160 90 250 Overloaded Moves . | . . . . Propulsion Burnouts . | . . . . Robots Hopped . | . . . . Potential Cave-ins . | . . . . Cave-ins Triggered . | . . . . Exploration Rate (%) 20 | 3 40 22 18 Regions Visited 3 Branch Regions 1 Pre-discovered Areas . | . . . . Known Exits Taken . | . . . . Unknown Exits Taken 3 | 1 1 1 . Scrap Searched . | . . . . Spaces Dug . | . . . . Terrain Destroyed 26 | . 7 . 19 Melee . | . . . . Projectile 4 | . . . 4 AOE 22 | . 7 . 15 Terrain Rammed . | . . . . Walls Destroyed . | . . . . Machines Disabled . | . . . . Actions | -11 -10 -10 -8 --------- Run | Yrd Mat Sub Mat Total 1111 | 43 342 303 423 Wait 261 | . 61 5 195 Move 751 | 33 250 279 189 Hop . | . . . . Pick Up 15 | 1 8 . 6 Fast Attach 12 | 7 1 . 4 Attach 7 | . 1 1 5 Detach 2 | . 2 . . Swap 13 | . 8 5 . Drop 12 | . 3 . 9 Fire 38 | 2 8 13 15 Melee . | . . . . Ram . | . . . . Kick . | . . . . Crush . | . . . . Escape Stasis . | . . . . Rewire . | . . . . Trap . | . . . . Miscellaneous . | . . . . Route ------- -11/Scrapyard -10/Materials -10/Subcaves -8/Materials History --------- Turn | Location | Event 13 | -11/Scrapyard | Discovered new exit (range 14) 71 | -11/Scrapyard | Entered Materials 310 | -10/Materials | Build established: Mutant 424 | -10/Materials | Discovered new exit (range 13) 436 | -10/Materials | Entered Subcaves 437 | -10/Subcaves | Approached by a straggling Scientist 629 | -10/Subcaves | Shifting Twisted Machinery released Sub. Laser 684 | -10/Subcaves | Discovered new exit (range 7) 740 | -10/Subcaves | Entered Materials 740 | -8/Materials | Evolved 4 slots: Propulsion x1, Utility x2, Weapon x1 1042 | -8/Materials | Build established: Skirmisher 1245 | -8/Materials | Self-destructed Last Messages --------------- 01123_ H-55 Commando destroyed. 01123_ R-06 Scavenger collects Arm. Wheel. 01126_ R-06 Scavenger collects ECM Suite. 01129_ Acquired Lgt. Nuclear Core. 01130_ R-06 Scavenger collects Lgt. Treads. 01130_ R-06 Scavenger destroyed. 01140_ U-05 Engineer builds a Wall. 01141_ Acquired 50 matter. 01146_ Acquired 40 matter. 01173_ S-10 Pest destroyed. 01176_ Destroyed Flight Unit. 01176_ S-10 Pest destroyed. 01180_ U-05 Engineer builds a Wall. 01191_ W-25 Informer sends out distress signal. 01194_ Acquired EM Pulse Cannon. 01206_ W-25 Informer sends out distress signal. 01216_ S-10 Pest destroyed. 01221_ Destroyed Lgt. Ion Engine. 01222_ Grenade Launcher destroyed. 01224_ S-10 Pest destroyed. Map ----- +----------------------------------------------------+ | # ###########??# ##### [ =#????????????????????? | | # #????????????# [ ###??????????????????? | | # #????????????## ""#??????????????????? | | # #?????????????# """ T"#??????????????????? | | # #????????????## """ ""#??????????????????? | | # #????????????# """ ###??????????????????? | | # #????????##### """ #????????????????????? | | # #????????+ #????????????????????? | | # +??????????### #????????????????????? | | # #????????????# """ #????????????????????? | | ??????????"" ##### """ #????????????????????? | | ??????????? + """ +????????????????????? | | ?????????????# """ #????????????????????? | | ?????????????# #????????????????????? | | ?????????????# #????????????????????? | | ?????????????# #????????????????????? | | ?????????????# =##???????????????????? | | ?????????????# % #???????????????????? | | ?????????????# #???????????????????? | | ?????????????# %=#???????????????????? | | ?????????? #############%#???????????????????? | | ??????????#/##?????# #[#???????????????????? | | ???????????????????# """ #*#########???????????? | | ???????????????????# """ +%[ ????? | | ???????????????????#] """ # ####"####???????????? | | ???????????????????# @!# #???????????????????? | | ???????????????????#####+### #???????????????????? | | ???????????????????????????# #???????????????????? | | ???????????????????????????# #???????????????????? | | ???????????????????????????# #???????????????????? | | ??????????????????????????? ???????????????????? | | ??????????????????????????? T ???????????????????? | | ??????????????????????????? ???????????????????? | | ???????????????????????????#+#???????????????????? | | ?????????????????????????????????????????????????? | | ?????????????????????????????????????????????????? | | ?????????????????????????????????????????????????? | | ?????????????????????????????????????????????????? | | ?????????????????????????????????????????????????? | | ?????????????????????????????????????????????????? | | ?????????????????????????????????????????????????? | | ?????????????????????????????????????????????????? | | ?????????????????????????????????????????????????? | | ?????????????????????????????????????????????????? | | ?????????????????????????????????????????????????? | | ?????????????????????????????????????????????????? | | ?????????????????????????????????????????????????? | | ?????????????????????????????????????????????????? | | ?????????????????????????????????????????????????? | | ?????????????????????????????????????????????????? | +----------------------------------------------------+ Best States ------------- Heat Dissipation 31 Energy Generation 14 Energy Capacity 160 Matter Stores 272 Matter Capacity 300 Sight Range 16 Terrain Scan Density 10 ECM Strength 1 Evasion (%) 55 Recoil Reduction 2 Item Schematics ----------------- None Robot Schematics ------------------ None Fabricated ------------ Nothing Repaired ---------- Nothing Alien Tech Used ----------------- None Achievements -------------- None Challenges ------------ None Game ------ Seed GravitonCompanionGun Manual? 0 Play Time 00:38:25 Cumulative 44.3 hours Start 2025.05.11 @ 16:23:25 End 2025.05.12 @ 11:45:58 Sessions 3 Manual Loads 0 Difficulty Rogue Special Mode None Game No. 49 Rogue 49 Adventurer 0 Explorer 0 Win Type - Total 0 Types 0/0/0/0/0/0/0/0/0/0 Lore% 14 Gallery% 19 Achievement% 21 Wizard Run 0 Options --------- Layout 0 ASCII 0 Keyboard 0 Movement Mouse Keybinds 0 Fullscreen 1 Font 16/TerminusTall Map View 75x55 Zoom Use 0% Tactical HUD 1 Map Filters NONE Filters NONE Steam 1 RUN: 7d018b6c-5e14-4208-88a7-a3ee9ac1826e